 Dungeon Crawl Stone Soup version 0.21.1-1-g345015f (webtiles) character file.

161 goulibeur the Distorting Demonspawn (level 5, -14/42 HPs)
             Began as a Demonspawn Abyssal Knight on July 9, 2018.
             Was a Believer of Lugonu.
             Killed from afar by dscm's ghost (27 damage)
             ... with a stone arrow
             ... on level 5 of the Dungeon.
             The game lasted 00:08:39 (3028 turns).

goulibeur the Distorting Demonspawn (DsAK)          Turns: 3028, Time: 00:08:39

Health: -14/42     AC: 13    Str: 13    XL:     5   Next: 18%
Magic:  8/8        EV: 11    Int: 13    God:    Lugonu [**....]
Gold:   226        SH:  3    Dex: 13    Spells: 4/4 levels left

rFire    . . .     SeeInvis .   m - +1 short sword (protect)
rCold    . . .     Gourm    .   w - +0 buckler
rNeg     + . .     Faith    .   x - +1 scale mail {MR+}
rPois    .         Spirit   .   e - +2 helmet
rElec    .         Reflect  .   q - +0 cloak
rCorr    .         Harm     .   n - +0 pair of gloves
MR       +....                  (no boots)
Stlth    ..........             (no amulet)
HPRegen  0.14/turn              i - ring of positive energy
MPRegen  0.11/turn              (no ring)

@: no status effects
A: hooves 1, repulsion field 1, spiny 1
a: Depart the Abyss, Bend Space, Renounce Religion


You were on level 5 of the Dungeon.
You worshipped Lugonu.
Lugonu was pleased with you.
You were not hungry.

You visited 1 branch of the dungeon, and saw 5 of its levels.
You visited the Abyss 1 time.

You collected 226 gold pieces.

Inventory:

Hand Weapons
 m - a +1 short sword of protection (weapon)
Armour
 e - a +2 helmet (worn)
 h - a +0 chain mail
 n - a +0 pair of gloves (worn)
 p - a +0 ring mail
 q - a +0 cloak (worn)
 w - a +0 buckler (worn)
 x - a +1 scale mail of magic resistance (worn)
Jewellery
 i - a ring of positive energy (left hand)
Wands
 v - a wand of paralysis (7)
Scrolls
 a - 2 scrolls of remove curse
 f - a scroll of amnesia {unknown}
 j - a scroll of identify
 k - 2 scrolls of teleportation {unknown}
 o - a scroll of random uselessness {unknown}
 t - a scroll of fog {unknown}
 u - a scroll of noise {unknown}
 y - a scroll of magic mapping {unknown}
Potions
 b - a potion of flight
 d - 2 potions of curing
 g - 2 potions of lignification
 l - a potion of haste
 r - a potion of brilliance
Comestibles
 c - 13 rations
 s - 3 chunks of flesh


   Skills:
 + Level 3.7 Fighting
 - Level 1.7 Short Blades
 + Level 2.7 Armour
 + Level 2.1 Dodging
 * Level 4.7 Invocations


You had 4 spell levels left.
You didn't know any spells.

Dungeon Overview and Level Annotations

Branches:
Dungeon (5/15)             Temple (0/1) D:4

Altars:
Gozag

Annotations:
D:5 dscm's ghost, novice OpEE


Innate Abilities, Weirdness & Mutations

You have large cloven feet.
You are surrounded by a mild repulsion field. (EV +2)
You are partially covered in sharp spines.


Message History

You kick dscm's ghost, but do no damage.
Dscm's ghost is lightly damaged.
Dscm's ghost casts a spell at you. The blast of sand hits you!
You closely miss dscm's ghost.
Dscm's ghost is lightly damaged.
Dscm's ghost screams, "What do you have that I didn't have?"
Dscm's ghost misses you.
You closely miss dscm's ghost.
Dscm's ghost is lightly damaged.
Dscm's ghost is struck by your spines.
Dscm's ghost hits you but does no damage.
You closely miss dscm's ghost. Your kick misses dscm's ghost.
Dscm's ghost is lightly damaged.
Dscm's ghost casts a spell at you. The stone arrow hits you!
Dscm's ghost stares at you and mumbles some strange words.
The stone arrow hits you!
Ouch! That really hurt!
You die...

##.<.....######.#
#.....#.#......# #
.
##....._......#.#.
..
#....#.#####.##.#
... #.#.#..#
#.##.# ....
#.###.## #.##.#
..... #.# #.#
#.##.# ......###.#
#.######.##.#
......W.@.#
#............
......#####
##.#######.#.
####. #... # ##.#
##.#. ###.###
#..## # #.#.###
#.##.#.


You could see dscm's ghost.

Vanquished Creatures
  3 worker ants
  2 adders (D:3)
  An adder zombie (D:5)
  An adder skeleton (D:4)
  5 leopard geckos
  An orc (D:4)
  6 bats
  3 giant cockroaches
  3 goblins (D:2)
  7 hobgoblins
  5 jackals
  3 quokkas
  7 frilled lizards
  2 kobolds (D:1)
  5 rats
54 creatures vanquished.

Notes
Turn   | Place    | Note
-------+----------+-------------------------------------------
     0 | Abyss:1  | goulibeur the Demonspawn Abyssal Knight began the quest for the Orb.
     0 | Abyss:1  | Reached XP level 1. HP: 18/18 MP: 2/2
    49 | Abyss:1  | Noticed a thrashing horror
    51 | D:1      | Escaped the Abyss
   357 | D:1      | Reached skill level 1 in Dodging
   367 | D:1      | Reached * piety under Lugonu
   410 | D:1      | Gained mutation: You are partially covered in sharp spines. [demonic ancestry]
   410 | D:1      | Reached XP level 2. HP: 23/24 MP: 4/4
   454 | D:1      | Reached skill level 3 in Invocations
   924 | D:2      | Gained mutation: You are surrounded by a mild repulsion field. (EV +2) [demonic ancestry]
   924 | D:2      | Reached XP level 3. HP: 28/29 MP: 5/5
   947 | D:2      | Found a faded altar of an unknown god.
  1633 | D:3      | Reached skill level 4 in Invocations
  1633 | D:3      | Reached XP level 4. HP: 35/35 MP: 5/7
  1924 | D:3      | Reached ** piety under Lugonu
  2403 | D:4      | Found a staircase to the Ecumenical Temple.
  2535 | D:4      | Gained mutation: You have large cloven feet. [demonic ancestry]
  2535 | D:4      | Reached XP level 5. HP: 39/42 MP: 8/8
  2861 | D:5      | Entered Level 5 of the Dungeon
  2979 | D:5      | Found an opulent altar of Gozag.
  3012 | D:5      | Noticed dscm's ghost (novice OpEE)
  3028 | D:5      | Killed from afar by dscm's ghost

Skill      XL: |  1  2  3  4 |
---------------+-------------+-----
Dodging        | 1 2 |  2.1
Armour         | 2 |  2.7
Invocations    | 3 4 |  4.7
Fighting       | |  3.7
Short Blades   | |  1.7

Action                   |  1- 3 |  4- 6 || total
-------------------------+-------+-------++-------
Melee: Short sword       |    89 |    57 ||   146
       Kick              |       |     6 ||     6
Invok: Depart the Abyss  |     1 |       ||     1
  Use: Scroll            |       |     6 ||     6
  Eat: Chunk             |     2 |     5 ||     7
Armor: Scale mail        |     8 |     6 ||    14
       Leather armour    |     2 |       ||     2
       Chain mail        |    36 |       ||    36
       Ring mail         |       |    14 ||    14
Dodge: Dodged            |    40 |    29 ||    69
Block: Buckler           |       |     1 ||     1
